 Dungeon Crawl Stone Soup version 0.21-a0-369-g397cdb2 (webtiles) character file.

37 theanonym the Skirmisher (level 3, -1/36 HPs)
             Began as a Gargoyle Berserker on Oct 15, 2017.
             Was a Believer of Trog.
             Slain by a bullfrog (5 damage)
             ... on level 3 of the Dungeon.
             The game lasted 00:02:39 (1497 turns).

theanonym the Skirmisher (Gargoyle Berserker)       Turns: 1497, Time: 00:02:40

Health: -1/36      AC:  8    Str: 26    XL:     3   Next: 41%
Magic:  3/3        EV: 11    Int:  7    God:    Trog [**....]
Gold:   166        SH:  0    Dex:  9    Spells: 2/2 levels left

rFire    . . .     SeeInvis .   a - +0 hand axe
rCold    . . .     Gourm    .   (no shield)
rNeg     + . .     Faith    .   g - +0 leather armour
rPois    ∞         Spirit   .   (no helmet)
rElec    +         Reflect  .   l - +0 cloak
rCorr    .         Harm     .   h - +0 pair of gloves
MR       .....                  (no boots)
Stlth    ..........             (no amulet)
HPRegen  0.12/turn              (no ring)
MPRegen  0.08/turn              (no ring)

@: berserking, very quick
A: negative energy resistance 1, electricity resistance, unbreathing,
petrification resistance, rot immunity, AC +3
a: Berserk, Trog's Hand, Burn Spellbooks, Renounce Religion


You were on level 3 of the Dungeon.
You worshipped Trog.
Trog was pleased with you.
You were near starving.

You visited 1 branch of the dungeon, and saw 3 of its levels.

You collected 166 gold pieces.

Inventory:

Hand Weapons
 a - a +0 hand axe (weapon)
Missiles
 n - 3 javelins (quivered)
Armour
 g - a +0 leather armour (worn)
   (You found it on level 2 of the Dungeon)
 h - a +0 pair of gloves (worn)
   (You found it on level 1 of the Dungeon)
 l - a +0 cloak (worn)
   (You found it on level 2 of the Dungeon)
 r - a +0 ring mail
   (You found it on level 2 of the Dungeon)
 s - a +0 scale mail
   (You found it on level 1 of the Dungeon)
Scrolls
 e - 5 scrolls of identify {unknown}
 j - 2 scrolls of teleportation {unknown}
 m - 3 scrolls of fear {unknown}
 p - a scroll of recharging {unknown}
Potions
 i - 2 potions of lignification {unknown}
 k - 4 potions of curing {unknown}
 o - 2 potions of resistance {unknown}
 q - a potion of might {unknown}
Comestibles
 c - a bread ration
 d - a fruit
 f - a meat ration


   Skills:
 + Level 3.8 Fighting
 + Level 3.1 Axes
 + Level 2.9 Armour
 - Level 1.5 Dodging


You had 2 spell levels left.
You didn't know any spells.

Dungeon Overview and Level Annotations

Branches:
Dungeon (3/15)

Altars:
Makhleb
Nemelex Xobeh


Innate Abilities, Weirdness & Mutations

You are resistant to torment.
Your stone body is resilient. (AC +3)
You are immune to poison.
You resist negative energy. (rN+)
You are resistant to electric shocks. (rElec)
You can survive without breathing.
You are immune to petrification.
You are immune to rotting.


Message History

You now have 166 gold pieces (gained 16).
Partly explored, can't reach some places.
No target in view!
Partly explored, can't reach some places.
No target in view!
Partly explored, can't reach some places.
No target in view!
Partly explored, can't reach some places.
No target in view!
Partly explored, can't reach some places.
No target in view!
Partly explored, can't reach some places.
No target in view!
Partly explored, can't reach some places.
No target in view!
Search for what [? for help]? armor You see here a leather armour.
g - a leather armour Unknown command.
Wear which item? (? for menu, Esc to quit)
You start removing your armour.
You continue taking off your +0 animal skin. x4
You finish taking off your +0 animal skin.
You start putting on your armour.
You continue putting on your leather armour. x5
You finish putting on your +0 leather armour.
Search for what [Enter for "armor", or ? for help]?
You see here a spear.
You see here a ring mail.
r - a ring mail Search for what [Enter for "armor", or ? for help]?
There is a stone staircase leading up here.
You climb upwards.
There is a stone staircase leading down here.
There is an escape hatch in the floor here.
You see here a scale mail.
s - a scale mail Drop what? 19/52 slots (_ for help) (? for menu, Esc to quit)
You drop a +0 animal skin.
Done exploring.
Done exploring.
There is an escape hatch in the floor here.
There is a stone staircase leading down here.
You climb downwards.
There is a stone staircase leading up here.
Partly explored, can't reach some places.
Partly explored, can't reach some places.
Partly explored, can't reach some places.
No target in view!
Partly explored, can't reach some places.
Partly explored, can't reach some places.
Partly explored, can't reach some places.
No target in view!
Partly explored, can't reach some places.
There is a stone staircase leading down here.
You see here a short sword.
You climb downwards.
You hear the sound of rushing water.
There is an entrance to a sewer on this level.
Hurry and find it before the portal rusts away!
An orc comes into view.
The orc shouts!
Found 32 gold pieces.
Found a stone staircase leading up.
There is a stone staircase leading up here.
Unknown command.
A bullfrog comes into view.
You slash the orc!
You kill the orc!
Trog accepts your kill. The bullfrog barely misses you.
You hit the bullfrog.
The bullfrog hits you but does no damage.
The bullfrog hits you.
You take 1 damage, and have 23/24 hp.
You hit the bullfrog but do no damage.
You are feeling very hungry.
The bullfrog hits you but does no damage.
You slash the bullfrog! The bullfrog barely misses you. x2
You hit the bullfrog. The bullfrog closely misses you. The bullfrog hits you.
You take 6 damage, and have 17/24 hp.
MASSIVE DAMAGE!!
You barely miss the bullfrog. The bullfrog closely misses you.
The bullfrog hits you but does no damage.
You hit the bullfrog. The bullfrog hits you.
You take 2 damage, and have 15/24 hp.
You hit the bullfrog. The bullfrog hits you.
* * * LOW HITPOINT WARNING * * *
The bullfrog hits you but does no damage.
You take 4 damage, and have 11/24 hp.
You miss the bullfrog. The bullfrog hits you.
* * * LOW HITPOINT WARNING * * *
You take 4 damage, and have 7/24 hp.
You barely miss the bullfrog. The bullfrog hits you.
* * * LOW HITPOINT WARNING * * *
The bullfrog hits you but does no damage.
You take 4 damage, and have 3/24 hp.
A red film seems to cover your vision as you go berserk!
You feel yourself moving faster!
You feel mighty!
You are near starving!
The bullfrog hits you.
You die...

## .###.
.....#######
...........#
...........#
...........#
........$..#
....<.F@.<$#
...........#
#..........#
.........$.#
..##########
.


You could see a bullfrog.

Vanquished Creatures
  A leopard gecko (D:2)
  An orc (D:3)
  3 bats (D:2)
  2 giant cockroaches
  5 goblins
  8 hobgoblins
  A ball python (D:1)
  2 frilled lizards (D:2)
  4 kobolds
  4 rats
31 creatures vanquished.

Notes
Turn   | Place    | Note
-------+----------+-------------------------------------------
     0 | D:1      | theanonym the Gargoyle Berserker began the quest for the Orb.
     0 | D:1      | Reached XP level 1. HP: 14/14 MP: 1/1
   302 | D:1      | Reached XP level 2. HP: 15/19 MP: 2/2
   507 | D:1      | Reached skill level 3 in Axes
   700 | D:2      | Reached ** piety under Trog
   700 | D:2      | Reached XP level 3. HP: 18/24 MP: 3/3
  1015 | D:2      | Found a sparkling altar of Nemelex Xobeh.
  1191 | D:2      | Found a burning altar of Makhleb.
  1485 | D:3      | Noticed a bullfrog
  1497 | D:3      | Slain by a bullfrog

Vault maps used:
D:1:      dpeg_arrival_windows_large_door
D:2:      lightli_temple_of_fire, minmay_misc_feat_rows,
          nemelex_lonely_heart_becter
D:3:      cheibrodos_sewer_entry_drain

Skill      XL: |  1  2 |
---------------+-------+-----
Axes           | 3 |  3.1
Fighting       | |  3.8
Armour         | |  2.9
Dodging        | |  1.5

Action                   || total
-------------------------++-------
Melee: Hand axe          ||   120
Invok: Berserk           ||     2
  Eat: Chunk             ||     2
Armor: Animal skin       ||    58
       Leather armour    ||     5
Dodge: Dodged            ||    74

Table legend:
 A = Spawn XP
 B = Non-spawn XP
 C = Spawn XP percentage of total XP
 D = Spawn monster count
 E = Non-spawn monster count
 F = Spawn count percentage of total count
 G = Total turns spent on level
                    A         B        C        D         E        F      G
               +---------+---------+-------+---------+---------+-------+---------
         Total |       0 |      54 |   0.0 |       0 |      31 |   0.0 |  1497
               +---------+---------+-------+---------+---------+-------+---------
           D:1 |       0 |      21 |   0.0 |       0 |      13 |   0.0 |   711
           D:2 |       0 |      30 |   0.0 |       0 |      17 |   0.0 |   772
           D:3 |       0 |       3 |   0.0 |       0 |       1 |   0.0 |    14
               +---------+---------+-------+---------+---------+-------+---------
